 Dungeon Crawl Stone Soup version 0.25.0-33-gff14898491 (webtiles) character file.

Game seed: 14282209059770783106

41000 Delamore the Bludgeoner (level 14, -4/84 HPs)
             Began as a Gargoyle Fighter on July 6, 2020.
             Was the Champion of Okawaru.
             Killed from afar by an orc (44 damage)
             ... with an exploding inner flame
             ... hexed by the player character
             ... on level 1 of the Orcish Mines.
             The game lasted 00:28:44 (18608 turns).

Delamore the Bludgeoner (Gargoyle Fighter)         Turns: 18608, Time: 00:28:44

Health: -4/84      AC: 30    Str: 26    XL:     14   Next: 13%
Magic:  14/14      EV:  4    Int:  8    God:    Okawaru [******]
Gold:   1712       SH:  8    Dex: 12    Spells: 13/13 levels left

rFire    . . .     SeeInvis +   X - +4 demon whip (elec)
rCold    + . .     Gourm    .   q - +0 buckler
rNeg     + . .     Faith    +   r - +1 crystal plate armour
rPois    ∞         Spirit   .   g - +0 hat of Vousosar {rC+}
rElec    +         Reflect  .   Q - scarf {+Inv}
rCorr    .         Harm     .   W - +1 pair of gloves {Dex+3}
MR       +....                  B - +0 pair of boots
Stlth    ..........             l - amulet of faith
HPRegen  0.24/turn              P - ring of see invisible
MPRegen  0.14/turn              x - ring of flight

@: no status effects
A: big wings, negative energy resistance 1, electricity resistance, unbreathing,
petrification resistance, rot immunity, AC +10
a: Fly, Heroism, Finesse, Renounce Religion, Evoke Invisibility, Evoke Flight


You were on level 1 of the Orcish Mines.
You worshipped Okawaru.
Okawaru was exalted by your worship.
You were hungry.

You visited 4 branches of the dungeon, and saw 17 of its levels.
You also visited: Bailey and Gauntlet.

You collected 1838 gold pieces.
You spent 126 gold pieces at shops.

Inventory:

Hand Weapons
 X - a +4 demon whip of electrocution (weapon)
Missiles
 v - 17 javelins (quivered)
 C - 8 curare-tipped darts
 U - 12 atropa-tipped darts
 Y - 2 datura-tipped darts
Armour
 c - a +0 kite shield
 g - the +0 hat of Vousosar (worn) {rC+}
   (Okawaru gifted it to you on level 5 of the Lair of Beasts)

   It protects you from cold.
 q - a +0 buckler (worn)
 r - a +1 crystal plate armour (worn)
 B - a +0 pair of boots (worn)
 Q - a scarf of invisibility (worn)
 W - a +1 pair of gloves of dexterity (worn)
Jewellery
 l - an amulet of faith (around neck)
 x - a ring of flight (right hand)
 y - an uncursed ring of protection from cold
 P - a ring of see invisible (left hand)
Wands
 a - a wand of enslavement (10)
 o - a wand of iceblast (17)
 A - a wand of paralysis (12)
 G - a wand of flame (43)
 J - a wand of disintegration (10)
 T - a wand of polymorph (12)
Scrolls
 b - a scroll of fog
 i - a scroll of summoning
 k - 2 scrolls of blinking
 m - a scroll of fear
 p - 8 scrolls of teleportation
 s - 4 scrolls of remove curse
 D - 2 scrolls of immolation
 F - a scroll of magic mapping
 H - a scroll of amnesia
 I - a scroll of brand weapon
 R - 3 scrolls of enchant weapon
 Z - a scroll of enchant armour
Potions
 d - 6 potions of might
 e - 2 potions of lignification {unknown}
 h - a potion of stabbing
 j - 4 potions of heal wounds
 n - 2 potions of haste
 t - a potion of berserk rage
 u - 4 potions of curing
 z - a potion of resistance {unknown}
 K - 12 potions of degeneration
 M - 3 potions of ambrosia
 N - 3 potions of mutation {unknown}
 O - 2 potions of cancellation {unknown}
 V - a potion of invisibility {unknown}
Comestibles
 f - 33 rations


   Skills:
 - Level 8.5 Fighting
 - Level 17.1 Maces & Flails
 - Level 3.2 Armour
 + Level 15.2 Shields


You had 13 spell levels left.
You didn't know any spells.
Your spell library contained the following spells:

 Spells                   Type           Power        Failure   Level  Hunger
 Animate Skeleton         Necr           N/A          100%        1    ##.....
 Foxfire                  Conj/Fire      #...         100%        1    ##.....
 Pain                     Necr           #...         100%        1    ##.....
 Summon Butterflies       Summ           #.......     100%        1    ##.....
 Corpse Rot               Necr/Air       N/A          100%        2    ###....
 Poisonous Vapours        Pois/Air       #.....       100%        2    ###....
 Call Canine Familiar     Summ           #.......     100%        3    ####...
 Conjure Flame            Conj/Fire      #.......     100%        3    ####...
 Inner Flame              Hex/Fire       #.......     100%        3    ####...
 Mephitic Cloud           Conj/Pois/Air  #.......     100%        3    ####...
 Vampiric Draining        Necr           #.........   100%        3    ####...
 Airstrike                Air            #.........   100%        4    #####..
 Animate Dead             Necr           N/A          100%        4    #####..
 Cause Fear               Hex            #.........   100%        4    #####..
 Dispel Undead            Necr           #.......     100%        4    #####..
 Hailstorm                Conj/Ice       #.......     100%        4    #####..
 Leda's Liquefaction      Hex/Erth       #.........   100%        4    #####..
 Sticky Flame             Conj/Fire      #.......     100%        4    #####..
 Summon Ice Beast         Ice/Summ       #.......     100%        4    #####..
 Agony                    Necr           #.......     100%        5    ######.
 Bolt of Magma            Conj/Fire/Erth #.........   100%        5    ######.
 Excruciating Wounds      Chrm/Necr      #.........   100%        5    ######.
 Fireball                 Conj/Fire      #.........   100%        5    ######.
 Metabolic Englaciation   Hex/Ice        #.........   100%        5    ######.
 Silence                  Hex/Air        #.........   100%        5    ######.
 Summon Mana Viper        Hex/Summ       #.......     100%        5    ######.
 Yara's Violent Unravell  Hex/Tmut       #.........   100%        5    ######.
 Freezing Cloud           Conj/Ice/Air   #.........   100%        6    #######
 Invisibility             Hex            #.......     100%        6    #######
 Iron Shot                Conj/Erth      #.........   100%        6    #######
 Summon Hydra             Summ           #.........   100%        7    #######
 Discord                  Hex            #.........   100%        8    #######
 Shatter                  Erth           #.........   100%        9    #######
 Sublimation of Blood     Necr           Unusable     N/A         2    N/A
 Statue Form              Tmut/Erth      Unusable     N/A         6    N/A

Dungeon Overview and Level Annotations

Branches:
Dungeon (10/15)            Temple (1/1) D:6            Lair (5/6) D:8
  Swamp (0/4) Lair:2        Snake (0/4) Lair:3          Orc (1/2) D:10
 Bailey (visited)         Gauntlet (visited)
  Slime: Lair:5-6

Altars:
Ashenzari
Cheibriados
Dithmenos
Elyvilon
Fedhas
Gozag
Hepliaklqana
Kikubaaqudgha
Makhleb
Nemelex Xobeh
Okawaru
Qazlal
Ru
Sif Muna
Trog
Uskayaw
Vehumet
Wu Jian
Xom
Yredelemnul
Zin
The Shining One

Shops:
D:5 }(%   D:9 :

Annotations:
D:3 2 transporters, Winsalot's ghost, amateur DsFE
D:7 1 runed translucent door


Innate Abilities, Weirdness & Mutations

You are resistant to torment.
Your stone body is resilient. (AC +10)
You are immune to poison.
Your large and strong wings let you fly indefinitely.
You resist negative energy. (rN+)
You are resistant to electric shocks. (rElec)
You can survive without breathing.
You are immune to petrification.
You are immune to rotting.


Message History

The orc wizard is heavily wounded.
You closely miss the orc wizard.
The orc wizard is heavily wounded.
The orc warrior completely misses you. The ogre hits you with a +0 giant club.
The orc wizard is engulfed in blazing flames.
The orc wizard explodes!
The fiery explosion engulfs you!!!
The fiery explosion engulfs the ogre!!!
The ogre explodes!
The fiery explosion engulfs the orc warrior!!
Flame seeps out of the orc warrior.
The orc warrior is severely wounded.
The fiery explosion engulfs the orc!!!
The orc explodes!
The fiery explosion engulfs the orc warrior!!
The orc warrior explodes!
The fiery explosion engulfs the orc!!
The orc explodes!
The fiery explosion engulfs you!!!
Ouch! That really hurt!
You die...

.........
#..#.#..##
..o......##
..........#
O.......##
##. .......#
#...o#.§..#
.....§○@§§#
.....§§§§##
.....§§§§§#
.....§.§...#
.......#...T.
#...#.#
...... ...###
......# ...
..#..##


You could see a troll, an orc warrior (inner flame), an ogre (inner flame) and
an orc (inner flame).

Vanquished Creatures
  A minotaur (Gauntlet)
  3 hydras
  A two-headed ogre (D:10)
  4 orc knights
  2 lindwurms (Lair:5)
  A moth of wrath (Gauntlet)
  16 elephants
  A black mamba (Lair:2)
  6 spiny frogs
  4 gargoyles (D:9)
  2 rime drakes
  6 komodo dragons
  A queen bee (Lair:2)
  A polar bear (Lair:4)
  3 bog bodies (Lair:2)
  Grinder (D:3)
  5 hornets
  20 blink frogs
  4 flying skulls (Gauntlet)
  6 hippogriffs
  Eustachio (D:6)
  Sigmund (D:5)
  A fire bat (Gauntlet)
  2 basilisks (Lair:2)
  29 yaks
  A wyvern (D:9)
  6 humans (D:7)
  A soldier ant (D:9)
  A swamp worm (Lair:2)
  Menkaure (D:7)
  8 water moccasins
  8 porcupines
  A swamp drake (D:10)
  2 sky beasts (D:5)
  3 ice beasts
  20 orc warriors
  A necrophage (D:10)
  6 ogres
  16 wolves
  2 centaurs
  12 crocodiles
  3 elf zombies (D:10)
  9 bullfrogs
  15 killer bees (Lair:2)
  A troll zombie (D:10)
  2 howler monkeys (D:10)
  A wight (D:10)
  An electric eel (Lair:2)
  A bullfrog zombie (D:7)
  3 crimson imps
  3 human zombies (D:10)
  2 jellies
  A centaur skeleton (D:7)
  4 orc priests
  5 hounds
  10 orc wizards
  Terence (D:3)
  Jessica (D:7)
  2 human skeletons (D:10)
  2 iguanas
  Ijyb (D:7)
  Natasha (twice) (D:3)
  8 worker ants
  2 hound skeletons (D:6)
  A mummy (D:10)
  Robin (D:4)
  3 gnolls (D:4)
  12 adders
  A shadow imp (D:5)
  An adder zombie (D:5)
  2 adder skeletons
  A worm (D:9)
  5 dart slugs
  5 leopard geckos
  48 orcs
  3 ball pythons
  8 bats
  11 giant cockroaches
  17 goblins
  18 hobgoblins
  16 jackals
  4 quokkas
  5 frilled lizards
  A jackal skeleton (D:8)
  16 kobolds
  An orc zombie (D:10)
  A quokka skeleton (D:4)
  3 rats
  A plant (D:8)
476 creatures vanquished.

Vanquished Creatures (others)
  8 fungi
  9 plants
17 creatures vanquished.

Grand Total: 493 creatures vanquished

Notes
Turn   | Place    | Note
-------+----------+-------------------------------------------
     0 | D:1      | Delamore the Gargoyle Fighter began the quest for the Orb.
     0 | D:1      | Reached XP level 1. HP: 14/14 MP: 1/1
    95 | D:1      | Reached XP level 2. HP: 19/19 MP: 2/2
   817 | D:1      | Reached XP level 3. HP: 24/24 MP: 3/3
  1130 | D:2      | Reached skill level 3 in Maces & Flails
  1173 | D:2      | Found an ornate altar of the Wu Jian Council.
  1461 | D:2      | Reached XP level 4. HP: 29/30 MP: 4/4
  1599 | D:3      | Found a sparkling altar of Nemelex Xobeh.
  1645 | D:3      | Noticed Natasha
  1656 | D:3      | Killed Natasha
  1793 | D:3      | Noticed Terence
  1812 | D:3      | Killed Terence
  1812 | D:3      | Reached XP level 5. HP: 29/34 MP: 5/5
  1966 | D:3      | Reached skill level 5 in Fighting
  2007 | D:3      | Found a transporter.
  2014 | D:3      | Noticed Winsalot's ghost (amateur DsFE)
  2020 | D:3      | Found a transporter.
  2031 | D:3      | Noticed Grinder
  2043 | D:3      | Paralysed by Grinder for 5 turns
  2056 | D:3      | Killed Grinder
  2056 | D:3      | Reached skill level 4 in Maces & Flails
  2056 | D:3      | Reached XP level 6. HP: 23/41 MP: 6/6
  2259 | D:3      | Noticed Natasha
  2282 | D:3      | Killed Natasha
  2656 | D:4      | Reached skill level 5 in Maces & Flails
  2906 | D:4      | Found an opulent altar of Gozag.
  2906 | D:4      | Found a bloodstained altar of Trog.
  2907 | D:4      | Found a hazy altar of Hepliaklqana.
  2959 | D:4      | Noticed Robin
  2993 | D:4      | Reached XP level 7. HP: 42/47 MP: 7/7
  2996 | D:4      | Killed Robin
  3846 | D:5      | Entered Level 5 of the Dungeon
  3847 | D:5      | Found Nysoredd's Gadget Boutique.
  3860 | D:5      | Bought a wand of paralysis (7) for 126 gold pieces
  3934 | D:5      | Identified the Volume of Feathers and Enchantment
  3975 | D:5      | Found Socaorea's Antique Weapon Boutique.
  4102 | D:5      | Reached skill level 6 in Maces & Flails
  4150 | D:5      | Found Qakol's Food Boutique.
  4434 | D:5      | Noticed Sigmund
  4484 | D:5      | Killed Sigmund
  4484 | D:5      | Reached XP level 8. HP: 51/54 MP: 8/8
  4622 | D:5      | Reached skill level 7 in Maces & Flails
  4858 | D:6      | Noticed Eustachio
  4897 | D:6      | Killed Eustachio
  5106 | D:6      | Found a staircase to the Ecumenical Temple.
  5127 | D:6      | Got a shimmering mace
  5136 | Temple   | Entered the Ecumenical Temple
  5315 | Temple   | Became a worshipper of Warmaster Okawaru
  5316 | Temple   | Identified the +9 mace "Kist" {speed, Dex+3} (You found it
                  | on level 6 of the Dungeon)
  6118 | D:7      | Found a runed translucent door.
  6160 | D:7      | Found a runed translucent door.
  6167 | D:7      | Noticed Menkaure
  6178 | D:7      | Killed Menkaure
  6178 | D:7      | Reached skill level 8 in Maces & Flails
  6441 | D:7      | Found a large runed translucent door.
  6441 | D:7      | Found a large runed translucent door.
  6442 | D:7      | Found a runed translucent door.
  6451 | D:7      | Noticed a yak
  6452 | D:7      | Noticed a yak
  6467 | D:7      | Killed a yak
  6467 | D:7      | Reached * piety under Okawaru
  6473 | D:7      | Killed a yak
  6473 | D:7      | Reached skill level 9 in Maces & Flails
  6473 | D:7      | Reached XP level 9. HP: 60/60 MP: 9/9
  6491 | D:7      | Reached ** piety under Okawaru
  6517 | D:7      | Noticed Jessica
  6526 | D:7      | Reached skill level 10 in Maces & Flails
  6533 | D:7      | Killed Jessica
  6539 | D:7      | Noticed Ijyb
  6548 | D:7      | Reached *** piety under Okawaru
  6548 | D:7      | Reached skill level 11 in Maces & Flails
  6564 | D:7      | Killed Ijyb
  6607 | D:7      | Reached XP level 10. HP: 32/65 MP: 10/10
  6775 | D:7      | Found a runed translucent door.
  6856 | D:7      | Identified the +1 scale mail of Fortification {rPois SInv
                  | Stlth+}
  6871 | D:7      | Reached skill level 12 in Maces & Flails
  7590 | D:7      | Found a runed translucent door.
  7673 | D:8      | Reached **** piety under Okawaru
  8227 | D:8      | Found a blossoming altar of Fedhas.
  8312 | D:8      | Reached skill level 13 in Maces & Flails
  8496 | D:8      | Found a staircase to the Lair.
  8637 | Lair:1   | Entered Level 1 of the Lair of Beasts
  8654 | Lair:1   | Reached ***** piety under Okawaru
  9041 | Lair:1   | Reached skill level 14 in Maces & Flails
  9560 | Lair:2   | Found a burning altar of Makhleb.
  9576 | Lair:2   | Reached XP level 11. HP: 69/69 MP: 11/11
  9668 | Lair:2   | Received a gift from Okawaru
 10172 | Lair:2   | Reached skill level 15 in Maces & Flails
 10191 | Lair:2   | Reached ****** piety under Okawaru
 10367 | Lair:2   | Noticed an eight-headed hydra
 10378 | Lair:2   | Killed an eight-headed hydra
 10456 | Lair:2   | Reached skill level 16 in Maces & Flails
 10812 | Lair:2   | Found a staircase to the Swamp.
 10818 | Lair:2   | Received a gift from Okawaru
 10818 | Lair:2   | Reached XP level 12. HP: 37/75 MP: 12/12
 11223 | Lair:3   | Noticed a six-headed hydra
 11241 | Lair:3   | Killed a six-headed hydra
 11341 | Lair:3   | Found a staircase to the Snake Pit.
 11679 | Lair:3   | Reached skill level 17 in Maces & Flails
 11798 | Lair:3   | Found a stormy altar of Qazlal.
 12177 | Lair:4   | Reached skill level 5 in Shields
 12228 | Lair:4   | Received a gift from Okawaru
 12270 | Lair:4   | Got an ichor-stained demon whip {god gift}
 12519 | Lair:4   | Identified the +7 demon whip "Embalmer" {pain, Dex+4}
                  | (Okawaru gifted it to you on level 4 of the Lair of Beasts)
 12535 | Lair:4   | Noticed a six-headed hydra
 12549 | Lair:4   | Killed a six-headed hydra
 12652 | Lair:4   | Received a gift from Okawaru
 13130 | Lair:4   | Reached skill level 10 in Shields
 13130 | Lair:4   | Reached XP level 13. HP: 79/79 MP: 13/13
 13476 | Lair:4   | Identified the +9 scale mail "Cekk" {Str+6} (You found it
                  | on level 4 of the Lair of Beasts)
 13556 | Lair:5   | Found a gate leading to a gauntlet.
 13577 | Gauntlet | Entered a Gauntlet
 13577 | Gauntlet | Found a transporter.
 13577 | Gauntlet | Found a transporter.
 13577 | Gauntlet | Found a transporter.
 13652 | Gauntlet | Found a large runed translucent door.
 13653 | Gauntlet | Found a large runed translucent door.
 13654 | Gauntlet | Found a large runed translucent door.
 13654 | Gauntlet | Found a large runed translucent door.
 13654 | Gauntlet | Found a runed translucent door.
 13655 | Gauntlet | Found a large runed translucent door.
 13661 | Gauntlet | Found a transporter.
 13666 | Gauntlet | Found a transporter.
 13671 | Gauntlet | Found a transporter.
 13671 | Gauntlet | Found a transporter.
 13699 | Gauntlet | Found a transporter.
 13699 | Gauntlet | Found a transporter.
 13700 | Gauntlet | Found a runed translucent door.
 13702 | Gauntlet | Found a large runed translucent door.
 13702 | Gauntlet | Found a large runed translucent door.
 13702 | Gauntlet | Found a large runed translucent door.
 13703 | Gauntlet | Found a large runed translucent door.
 13704 | Gauntlet | Found a large runed translucent door.
 13705 | Gauntlet | Found a large runed translucent door.
 13705 | Gauntlet | Found a large runed translucent door.
 13706 | Gauntlet | Found a large runed translucent door.
 13706 | Gauntlet | Found a large runed translucent door.
 13706 | Gauntlet | Found a large runed translucent door.
 13706 | Gauntlet | Found a large runed translucent door.
 13710 | Gauntlet | Found a runed translucent gate.
 13710 | Gauntlet | Found a runed translucent gate.
 13710 | Gauntlet | Found a runed translucent gate.
 13712 | Gauntlet | Found a transporter.
 13712 | Gauntlet | Found a transporter.
 13778 | Gauntlet | Found a transporter.
 13907 | Gauntlet | Received a gift from Okawaru
 14223 | Gauntlet | Noticed a minotaur
 14238 | Gauntlet | Killed a minotaur
 15002 | Lair:5   | Received a gift from Okawaru
 15005 | Lair:5   | Got a blackened hat {god gift}
 15016 | Lair:5   | Identified the +0 hat of Vousosar {rC+} (Okawaru gifted it
                  | to you on level 5 of the Lair of Beasts)
 15788 | D:9      | Found Irphelue's Book Emporium.
 16321 | D:10     | Entered Level 10 of the Dungeon
 16362 | D:10     | Found a flagged portal.
 16371 | Bailey   | Entered a bailey
 16501 | Bailey   | Identified Sif Muna's Handbook of Damaging Snow
 16977 | D:10     | Found an ancient bone altar of Kikubaaqudgha.
 17591 | D:10     | Gained mutation: Your large and strong wings let you fly
                  | indefinitely. [Gargoyle growth]
 17591 | D:10     | Reached XP level 14. HP: 84/84 MP: 14/14
 17629 | D:10     | Found a staircase to the Orcish Mines.
 17935 | Orc:1    | Entered Level 1 of the Orcish Mines
 18164 | Orc:1    | Reached skill level 15 in Shields
 18608 | Orc:1    | Killed from afar by an orc

Illustrated notes

Levels and vault maps discovered:
D:1:      minmay_arrival_four_circles, layout_basic
D:2:      layout_rooms, overflow_temple_1_default
D:3:      layout_basic, nemelex_xobeh_ov_fountains_minmay, first_ration,
          gammafunk_ghost_stat_death, uniq_grinder, uniq_terence, uniq_natasha
D:4:      layout_basic, gammafunk_temple_overflow_claw, uniq_robin
D:5:      minmay_spotlight, layout_loops_cross, serial_shops, shop,
          nicolae_shop_crystal, kennysheep_mini_moat, minmay_crystal_room,
          uniq_sigmund
D:6:      layout_loops_corners, minmay_temple_entry_statues_pillars,
          chequers_serial_rivers_micro_e, uniq_eustachio
D:7:      erik_cavepeople, layout_basic, minmay_fountain_box, uniq_menkaure
D:8:      layout_gridville, overflow_temple_1_default, david_lair_shrubbed
D:9:      cheibrodos_statue_roulette, layout_gridville, serial_shops, shop,
          hangedman_pestilent_swarm
D:10:     layout_basic, erik_orc_1, enter_bailey_8,
          lemuel_mausoleum_altar_kikubaaqudgha
Temple:   regret_index_temple_sphere_string
Lair:1:   layout_regular_city, fungi_pond_lemuel
Lair:2:   layout_loops_ring, nicolae_swamp_entry_splash_gauntlet, basic_altar,
          special_room [special_room_bee]
Lair:3:   layout_cave_pods, minmay_snake_entry_six_corridors, basic_altar
Lair:4:   layout_gridlike, grunt_megastairs_2
Lair:5:   cheibrodos_lair_overgrown_chateau, layout_small_grid,
          gauntlet_entry_generic, infiniplex_staircase_pool_2,
          lemuel_fruit_fields
Orc:1:    cheibrodos_orc_arena, layout_caves, basic_altar

Skill      XL: |  1  2  3  4  5  6  7  8  9 10 11 12 13 14 |
---------------+-------------------------------------------+-----
Fighting       | 4 5 6 7 8 |  8.5
Maces & Flails | 3 4 5 6 9 11 14 16 17 | 17.1
Shields        | 10 14 15 | 15.2
Armour         | |  3.2

Action                   |  1- 3 |  4- 6 |  7- 9 | 10-12 | 13-15 || total
-------------------------+-------+-------+-------+-------+-------++-------
Melee: Flail             |   174 |   178 |   177 |       |       ||   529
       Mace              |       |       |   136 |   703 |       ||   839
       Demon whip        |       |       |       |    76 |   602 ||   678
Throw: Dart              |       |     2 |     9 |     8 |     6 ||    25
       Javelin           |       |       |       |       |     7 ||     7
Invok: Heroism           |       |       |       |     1 |     1 ||     2
 Abil: Evoke Flight      |       |       |       |       |     2 ||     2
       Stop Flying       |       |       |       |       |     1 ||     1
Evoke: Wand              |       |       |     6 |       |       ||     6
  Use: Scroll            |       |     2 |     1 |     9 |    14 ||    26
       Potion            |       |       |       |     2 |       ||     2
 Stab: Paralysed         |       |       |     9 |       |       ||     9
  Eat: Chunk             |     2 |     5 |    12 |    20 |    11 ||    50
       Ration            |       |       |       |       |     2 ||     2
Armor: Scale mail        |   106 |    14 |       |       |       ||   120
       Ring mail         |       |    75 |    97 |       |       ||   172
       Crystal plate arm |       |       |    32 |   506 |   304 ||   842
Dodge: Dodged            |    68 |    84 |   128 |   230 |   100 ||   610
Block: Kite shield       |   100 |     1 |       |       |       ||   101
       Buckler           |       |    37 |    44 |   147 |   159 ||   387
